 Dungeon Crawl Stone Soup version 0.21.1-1-g345015f (webtiles) character file.

11 tidbits the Grave Robber (level 2, 0/20 HPs)
             Began as a Gnoll Necromancer on June 26, 2018.
             Slain by a bat (1 damage)
             ... on level 3 of the Dungeon.
             The game lasted 00:01:36 (140 turns).

tidbits the Grave Robber (Gnoll Necromancer)         Turns: 140, Time: 00:01:37

Health: 0/20       AC:  2    Str: 10    XL:     2   Next: 29%
Magic:  0/7        EV: 14    Int: 17    God:
Gold:   0          SH:  0    Dex: 15    Spells: 8/10 levels left

rFire    . . .     SeeInvis .   (no weapon)
rCold    . . .     Gourm    .   (no shield)
rNeg     . . .     Faith    .   a - +0 robe
rPois    .         Spirit   .   (no helmet)
rElec    .         Reflect  .   (no cloak)
rCorr    .         Harm     .   (no gloves)
MR       .....                  (no boots)
Stlth    +++.......             (no amulet)
HPRegen  0.06/turn              (no ring)
MPRegen  0.10/turn              (no ring)

@: no status effects
A: distributed training, fangs 1, strong nose
a: no special abilities


You were on level 3 of the Dungeon.
You were not hungry.

You visited 1 branch of the dungeon, and saw 3 of its levels.

Inventory:

Armour
 a - a +0 robe (worn)
Scrolls
 e - a scroll of magic mapping {unknown}
 f - 2 scrolls of teleportation {unknown}
Potions
 d - a potion of resistance {unknown}
Books
 b - a book of Necromancy

   Spells                             Type                      Level
   a - Pain                           Necromancy                   1
   b - Animate Skeleton               Necromancy                   1
   c - Vampiric Draining              Necromancy                   3
   d - Regeneration                   Charms/Necromancy            3
   e - Animate Dead                   Necromancy                   4
   f - Borgnjor's Vile Clutch         Necromancy/Earth             5
Comestibles
 c - a ration


   Skills:
 + Level 0.3 Fighting
 + Level 0.3 Short Blades
 + Level 0.3 Long Blades
 + Level 0.3 Axes
 + Level 0.3 Maces & Flails
 + Level 0.3 Polearms
 + Level 0.3 Staves
 + Level 0.3 Slings
 + Level 0.3 Bows
 + Level 0.3 Crossbows
 + Level 0.3 Throwing
 + Level 0.3 Armour
 + Level 4.4 Dodging
 + Level 4.0 Stealth
 + Level 0.3 Shields
 + Level 0.3 Unarmed Combat
 + Level 4.9 Spellcasting
 + Level 0.2 Conjurations
 + Level 0.2 Hexes
 + Level 0.2 Charms
 + Level 0.2 Summonings
 + Level 7.0 Necromancy
 + Level 0.2 Translocations
 + Level 0.2 Transmutations
 + Level 0.2 Fire Magic
 + Level 0.2 Ice Magic
 + Level 0.2 Air Magic
 + Level 0.2 Earth Magic
 + Level 0.2 Poison Magic
 + Level 0.4 Invocations
 + Level 0.3 Evocations


You had 8 spell levels left.
You knew the following spells:

 Your Spells              Type           Power        Failure   Level  Hunger
a - Pain                  Necr           ####         1%          1    None
n - Animate Skeleton      Necr           N/A          1%          1    None


Dungeon Overview and Level Annotations

Branches:
Dungeon (3/15)

Altars:
Vehumet


Innate Abilities, Weirdness & Mutations

Your experience applies equally to all skills.
You have very sharp teeth.
Your uncanny sense of smell can sniff out nearby items.


Message History

A giant cockroach comes into view.
Found a scroll labeled GAT FEONIE.
You closely miss the giant cockroach. Your bite misses the giant cockroach.
The giant cockroach barely misses you.
You barely miss the giant cockroach.
You bite the giant cockroach, but do no damage.
The giant cockroach barely misses you.
Casting: Pain
Confirm with . or Enter, or press ? or * to list all spells.
Aiming: Pain
Press: ? - help, Shift-Dir - straight line, f - giant cockroach
Aim: a giant cockroach (clinging, chance to defeat MR: 93%)
The giant cockroach writhes in agony!
The giant cockroach bites you.
* * * LOW HITPOINT WARNING * * *
The giant cockroach barely misses you.
You hit the giant cockroach.
The giant cockroach is almost dead.
The giant cockroach bites you but does no damage.
You hit the giant cockroach but do no damage.
The giant cockroach is almost dead.
The giant cockroach misses you.
You barely miss the giant cockroach.
The giant cockroach is almost dead.
The giant cockroach closely misses you.
You hit the giant cockroach.
You kill the giant cockroach!
A kobold comes into view.
You see here a giant cockroach corpse.
The kobold shouts!
Found a stone staircase leading down.
Found a stone staircase leading up.
A rat comes into view.
You see here a scroll labeled GAT FEONIE.
Casting: Pain
Confirm with . or Enter, or press ? or * to list all spells.
Aiming: Pain
Press: ? - help, Shift-Dir - straight line, f - kobold
Aim: a kobold (chance to defeat MR: 93%)
The kobold writhes in agony!
You kill the kobold!
f - 2 scrolls labeled GAT FEONIE (gained 1)
Found 17 gold pieces.
An orc comes into view. It is wielding a dagger.
The orc shouts!
Found a radiant altar of Vehumet.
Unknown command.
The teleport trap disappears.
The rat disappears!
A bat comes into view.
There is a stone staircase leading down here.
There is a stone staircase leading up here.
Unknown command.
You climb upwards.
There is a stone staircase leading down here.
Unknown command.
You open the door.
Unknown command.
There is an open door here.
A kobold comes into view.
Found an escape hatch in the ceiling.
You open the door.
There is an open door here.
There is a stone staircase leading down here.
You climb downwards.
The orc hits you but does no damage. x2
There is a stone staircase leading up here.
Unknown command.
Casting: Pain
Confirm with . or Enter, or press ? or * to list all spells.
Aiming: Pain
Press: ? - help, Shift-Dir - straight line, f - orc
Aim: an orc, wielding a dagger and wearing a chain mail (chance to defeat MR: 93%)
The orc writhes in agony!
The orc hits you but does no damage.
Casting: Pain
Confirm with . or Enter, or press ? or * to list all spells.
Aiming: Pain
Press: ? - help, Shift-Dir - straight line, f/p - orc
Aim: an orc, wielding a dagger and wearing a chain mail (heavily wounded, chance to defeat MR: 93%)
The orc writhes in agony!
You kill the orc!
The rat twitches its whiskers.
The bat completely misses you.
An adder comes into view.
The bat completely misses you. The rat bites you.
* * * LOW HITPOINT WARNING * * *
Found 10 gold pieces.
You closely miss the rat. You bite the rat.
The rat is heavily wounded.
The bat hits you but does no damage. The rat closely misses you.
There are no items here.
The bat hits you but does no damage. The rat bites you.
* * * LOW HITPOINT WARNING * * *
The bat hits you.
* * * LOW HITPOINT WARNING * * *
The rat closely misses you.
Casting: Pain
Confirm with . or Enter, or press ? or * to list all spells.
Aiming: Pain
Press: ? - help, Shift-Dir - straight line, f - rat
Aim: a rat (heavily wounded, chance to defeat MR: 93%)
The rat barely resists.
The bat hits you.
You die...

.. .. ⌠.._. #####$...
....... ##......S.
$.......###..##
..........@r..#######
..........b><)......
#.....##..###...###
#####.#......# ...#
.............## ..#
##[...........# ..#
..............# .#
####............# ..
##......###.###..#


You could see a bat and a rat.

Vanquished Creatures
  An orc (D:3)
  4 giant cockroaches
  A kobold (D:3)
  A bat (D:3)
  2 goblins (D:2)
9 creatures vanquished.

Notes
Turn   | Place    | Note
-------+----------+-------------------------------------------
     0 | D:1      | tidbits the Gnoll Necromancer began the quest for the Orb.
     0 | D:1      | Reached XP level 1. HP: 13/13 MP: 6/6
    24 | D:1      | You fall through a shaft!
    88 | D:3      | Reached XP level 2. HP: 8/19 MP: 0/7
    91 | D:3      | Learned a level 1 spell: Animate Skeleton
   110 | D:3      | Found a radiant altar of Vehumet.
   139 | D:3      | HP: 2/20 [bat (1)]
   140 | D:3      | Slain by a bat

Action                   || total
-------------------------++-------
Melee: Unarmed           ||    11
       Bite              ||     2
 Cast: Pain              ||    15
Armor: Robe              ||     5
Dodge: Dodged            ||    11

Table legend:
 A = Turns spent in this place as a percentage of turns spent in the entire game.
 B = Non-inter-level travel turns spent in this place as a percentage of non-inter-level travel turns spent in the entire game.
 C = Inter-level travel turns spent in this place as a percentage of turns spent in this place.
 D = Turns resting spent in this place as a percentage of non-inter-level travel turns spent in this place.
 E = Turns spent auto-exploring this place as a percentage of non-inter-level travel turns spent in this place.
 F = Non-inter-level travel turns spent in this place divided by the number of levels of this place that you've seen.
                   A       B       C       D       E      F
               +-------+-------+-------+-------+-------+----------------------
         Total | 100.0 | 100.0 |   0.0 |   0.0 |   0.0 |  46.7
       Dungeon | 100.0 | 100.0 |   0.0 |   0.0 |   0.0 |  46.7
               +-------+-------+-------+-------+-------+----------------------

Table legend:
 A = Kills in this place as a percentage of kills in entire the game.
 B = Kills by you in this place as a percentage of kills by you in the entire game.
 C = Kills by friends in this place as a percentage of kills by friends in the entire game.
 D = Other kills in this place as a percentage of other kills in the entire game.
 E = Experience gained in this place as a percentage of experience gained in the entire game.
 F = Experience gained in this place divided by the number of levels of this place that you have seen.
                   A       B       C       D       E      F
               +-------+-------+-------+-------+-------+----------------------
         Total | 100.0 | 100.0 |   N/A |   N/A | 100.0 |   5.7
       Dungeon | 100.0 | 100.0 |   N/A |   N/A | 100.0 |   5.7
               +-------+-------+-------+-------+-------+----------------------

Vault maps used:
D:1:      dpeg_arrival_stonehenge_12_columns, minivault_26, st_stairs_9
D:2:      chequers_ecumenical_altar_grove
D:3:      grunt_temple_overflow_open, minmay_misc_feat_chi
